 Dungeon Crawl Stone Soup version 0.18-a0-29-gce27f3c (webtiles) character file.

461762 Duffy the Severer (level 24, -6/212 HPs)
             Began as a Ghoul Gladiator on Nov 4, 2015.
             Was the Champion of Cheibriados.
             Mangled by an octopode crusher (18 damage)
             ... on level 3 of the Depths.
             The game lasted 02:04:26 (49775 turns).

Duffy the Severer (Ghoul Gladiator)                Turns: 49775, Time: 02:04:26

Health: -6/212     AC: 35    Str: 42    XL:     24   Next: 49%
Magic:  36/41      EV: 23    Int: 25    God:    Cheibriados [******]
Gold:   3654       SH:  0    Dex: 25    Spells: 5 memorised, 22 levels left

rFire  + . .     SeeInvis +     a - +9 battleaxe (vamp)
rCold  + . .     Clarity  .     D - +10 plate armour {rF+}
rNeg   + + +     SustAt   .     (shield currently unavailable)
rPois  ∞         Gourm    .     P - +3 hat of Pondering {ponderous, MR+ MP+10 Int+5}
rElec  +         Spirit   .     y - +0 cloak
rCorr  .         Warding  .     i - +1 pair of gloves
rMut   .         Stasis   .     Q - +0 pair of boots of Imperfection {rElec}
MR     +++..                    N - amulet of regeneration
Stlth  ..........               H - ring of see invisible
                                S - ring of protection from magic

@: rotting, very slow, extremely resistant to hostile enchantments, extremely
unstealthy
A: rotting body, claws 1, carnivore 3, cold resistance 1, negative energy
resistance 3, slow regeneration 1, torment resistance, unbreathing
a: Bend Time, Temporal Distortion, Slouch, Step From Time, Renounce Religion
}: 2/15 runes: barnacled, gossamer


You were on level 3 of the Depths.
You worshipped Cheibriados.
Cheibriados was exalted by your worship.
You were not hungry.

You visited 8 branches of the dungeon, and saw 45 of its levels.
You also visited: Sewer, Ossuary and Ice Cave.

You collected 6247 gold pieces.
You spent 2593 gold pieces at shops.


Innate Abilities, Weirdness & Mutations

Your body is rotting away.
You thrive on raw meat.
You are immune to poison.
You have sharp fingernails.
You are carnivorous and can eat meat at any time.
Your flesh is cold resistant.
You are immune to negative energy.
You regenerate slowly when monsters are visible.
You are immune to unholy pain and torment.
You can survive without breathing.


   Skills:
 + Level 16.7 Fighting
 - Level 20.4 Axes
 - Level 2.0 Throwing
 + Level 14.4 Armour
 + Level 14.3 Dodging
 - Level 6.0 Spellcasting
 - Level 8.8 Hexes
 - Level 8.8 Charms
 - Level 8.8 Necromancy
 - Level 10.4 Translocations
 - Level 10.0 Invocations
 - Level 8.0 Evocations


You had 22 spell levels left.
You knew the following spells:

 Your Spells              Type           Power        Failure   Level  Hunger
a - Apportation           Tloc           ######....   1%          1    None
c - Passage of Golubria   Tloc           N/A          4%          4    ###....
r - Regeneration          Chrm/Necr      ######....   2%          3    None
w - Spectral Weapon       Hex/Chrm       ######..     2%          3    None
B - Blink                 Tloc           N/A          1%          2    None

Inventory:

Hand Weapons
 a - a +9 vampiric battleaxe (weapon)
 b - a +0 blowgun
Missiles
 d - 13 throwing nets (quivered)
 E - 12 curare-tipped needles
Armour
 i - a +1 pair of gloves (worn)
 y - a +0 cloak (worn)
 D - a +10 plate armour of fire resistance (worn)
 P - the +3 hat of Pondering (worn) {ponderous, MR+ MP+10 Int+5}

   It affects your intelligence (+5).
   It affects your resistance to hostile enchantments.
   It affects your magic capacity (+10).
 Q - the +0 pair of boots of Imperfection (worn) {rElec}

   It insulates you from electricity.
Jewellery
 e - an uncursed amulet of stasis
 g - an uncursed ring of protection from fire
 H - a ring of see invisible (right hand)
 N - an amulet of regeneration (around neck)
 O - an uncursed ring of protection from cold
 R - an uncursed amulet of warding
 S - a ring of protection from magic (left hand)
Wands
 c - a wand of disintegration (14)
 o - a wand of invisibility (3)
 F - a wand of fire (8)
 J - a wand of teleportation (4)
 L - a wand of teleportation (6)
 W - a wand of heal wounds (5)
Scrolls
 j - 16 scrolls of remove curse
 l - 7 scrolls of fog
 p - 12 scrolls of recharging
 q - 8 scrolls of magic mapping
 u - 8 scrolls of teleportation
 x - 4 scrolls of blinking
 B - a scroll of identify
 G - 2 scrolls of torment
 T - 5 scrolls of fear
 U - a scroll of summoning
 Y - a scroll of silence
Potions
 k - 16 potions of curing
 n - 12 potions of heal wounds
 r - 2 potions of invisibility
 v - 15 potions of flight
 C - 3 potions of cancellation
 I - 4 potions of agility
 M - 6 potions of might
 Z - 5 potions of magic
Miscellaneous
 f - a lamp of fire
 w - a phial of floods
 K - a box of beasts
 X - a sack of spiders
Comestibles
 h - 10 slices of pizza
 m - 14 beef jerkies
 s - 8 chunks of flesh
 t - 16 meat rations
 V - 14 royal jellies

Dungeon Overview and Level Annotations

Branches:
Dungeon (15/15)            Temple (0/1) D:7            Lair (8/8) D:11
 Shoals (4/4) Lair:3       Spider (4/4) Lair:3        Slime (0/6) Lair:6
    Orc (4/4) D:12            Elf (3/3) Orc:4        Vaults (4/5) D:13
  Crypt (0/3) Vaults:3     Depths (3/5) D:15

Altars:
Ashenzari
Cheibriados
Dithmenos
Kikubaaqudgha
Vehumet
The Shining One
Beogh

Shops:
D:8 %   D:14 :(%[%   D:15 (   Orc:3 ??:   Orc:4 :?[*   Elf:1 }   Vaults:3 !
Vaults:4 =}:([   Depths:2 }

Portals:
Hell: Depths:1 Depths:2
Abyss: Depths:1 Depths:2
Pandemonium: Depths:3
Ziggurat: Depths:1
Trove: D:12 (give wand of hasting (8))

Annotations:
Elf:1 exclusion: Roxanne, Roxanne
Elf:2 3 runed doors
Depths:2 exclusion: upstairs


Message History

The octopode crusher is heavily wounded.
You miss the octopode crusher. The octopode crusher throws you!
The octopode crusher stares at you and mumbles some strange words.
The iron shot hits you!
You are too injured to fight recklessly!
You are too injured to fight recklessly!
You are too injured to fight recklessly!
You are too injured to fight recklessly!
You are too injured to fight recklessly!
You are too injured to fight recklessly!
You are too injured to fight recklessly!
You are too injured to fight recklessly!
You are too injured to fight recklessly!
You are too injured to fight recklessly!
You are too injured to fight recklessly!
You are too injured to fight recklessly!
You are too injured to fight recklessly!
You are too injured to fight recklessly!
You are too injured to fight recklessly!
You are too injured to fight recklessly!
You are too injured to fight recklessly!
You are too injured to fight recklessly!
You are too injured to fight recklessly!
You are too injured to fight recklessly!
You are too injured to fight recklessly!
You are too injured to fight recklessly!
You are too injured to fight recklessly!
The octopode crusher casts a spell at you.
The iron shot hits you! The octopode crusher barely misses you.
The octopode crusher closely misses you.
You are too injured to fight recklessly!
You can feel time thicken for a moment.
You feel somewhat more hungry.
You are no longer corroded.
The octopode crusher tentacle-slaps you!!
You die...

#.#....=....#...##.# #
##.≈.≈≈≈≈≈≈≈.#.#.##.# ..
.........∩.≈...#.##.##..#
#.≈.............##..#.#.
#.........≈.............
###≈≈≈≈≈≈≈#.....##......
........≈##.#.#......###
####≈xx###.#.#...###...
#....@# #.#.####.....#
#.....# #.#.#.(..#...#
#.....# #.#.#..#.# ..#
#.....###)..#÷.#.# >#
#.....#<.).#...#.# #
#.....###..#..##.#
#####.# #..#..##.# ...
..#..###.# #..#... .#


You could see 2 octopode crushers.

Action                   |  1- 3 |  4- 6 |  7- 9 | 10-12 | 13-15 | 16-18 | 19-21 | 22-24 || total
-------------------------+-------+-------+-------+-------+-------+-------+-------+-------++-------
Melee: War axe           |   104 |   248 |   317 |       |       |       |       |       ||   669
       Battleaxe         |       |       |    82 |   446 |   973 |   944 |  1744 |  1359 ||  5548
       Dire flail        |       |       |       |       |    47 |       |       |       ||    47
 Fire: Blowgun           |       |       |       |       |     7 |    23 |    62 |       ||    92
Throw: Throwing net      |       |     4 |     2 |     1 |     3 |       |       |       ||    10
 Cast: Regeneration      |       |       |       |       |       |       |       |     7 ||     7
       Spectral Weapon   |       |       |       |       |       |       |       |     5 ||     5
Invok: Slouch            |       |       |       |       |    15 |     6 |     4 |     1 ||    26
       Temporal Distorti |       |       |       |       |     2 |     5 |     2 |       ||     9
 Abil: Evoke Invisibilit |       |       |       |       |       |       |     3 |       ||     3
       Turn Visible      |       |       |       |       |       |       |     1 |       ||     1
Evoke: Wand              |       |       |       |    14 |     2 |     1 |     1 |    13 ||    31
  Use: Scroll            |       |     6 |    11 |     8 |    15 |    20 |    13 |    10 ||    83
       Potion            |       |       |     4 |       |       |     2 |     2 |     1 ||     9
 Stab: Held in net/web   |       |     2 |     1 |     3 |     2 |       |       |       ||     8
       Invisible         |       |       |       |       |       |       |    31 |       ||    31
       Distracted        |       |       |       |       |       |       |       |     4 ||     4
  Eat: Chunk             |    19 |    39 |    46 |    84 |   124 |    46 |   102 |   103 ||   563
       Meat ration       |       |       |       |       |       |     1 |       |       ||     1

Notes
Turn   | Place    | Note
--------------------------------------------------------------
     0 | D:1      | Duffy the Ghoul Gladiator began the quest for the Orb.
     0 | D:1      | Reached XP level 1. HP: 17/17 MP: 0/0
   506 | D:1      | Reached skill level 2 in Throwing
   568 | D:1      | Reached XP level 2. HP: 18/25 MP: 1/1
   596 | D:1      | Reached skill level 3 in Axes
  1075 | D:2      | Reached XP level 3. HP: 28/30 MP: 2/2
  1317 | D:2      | Found a faded altar to an unknown god.
  1978 | D:3      | Reached skill level 4 in Axes
  2104 | D:3      | Reached XP level 4. HP: 13/37 MP: 3/3
  2132 | D:3      | Found a glowing drain.
  2212 | Sewer    | Entered a sewer
  2561 | Sewer    | Reached XP level 5. HP: 42/42 MP: 4/4
  2677 | Sewer    | Reached skill level 5 in Axes
  3244 | D:3      | Reached skill level 1 in Armour
  3464 | D:3      | Reached XP level 6. HP: 45/50 MP: 5/5
  3506 | D:3      | Found a snail-covered altar of Cheibriados.
  3509 | D:3      | Became a worshipper of Cheibriados the Contemplative
  3721 | D:4      | Reached skill level 3 in Dodging
  3906 | D:4      | Learned a level 2 spell: Blink
  3987 | D:4      | Reached skill level 6 in Axes
  4039 | D:4      | Reached skill level 2 in Armour
  4278 | D:5      | Entered Level 5 of the Dungeon
  4289 | D:4      | Reached XP level 7. HP: 52/55 MP: 6/6
  4333 | D:5      | Reached * piety under Cheibriados
  5050 | D:5      | Reached skill level 7 in Axes
  5232 | D:6      | Reached XP level 8. HP: 54/62 MP: 7/7
  5235 | D:6      | Reached skill level 3 in Armour
  5235 | D:6      | Reached skill level 4 in Dodging
  5248 | D:6      | Noticed Eustachio
  5317 | D:6      | Reached ** piety under Cheibriados
  5351 | D:6      | Found a sand-covered staircase.
  5363 | Ossuary  | Entered an ossuary
  6321 | D:5      | Killed Eustachio
  6321 | D:5      | Reached skill level 8 in Axes
  6785 | D:7      | Noticed Dowan
  6791 | D:7      | Noticed Duvessa
  6944 | D:7      | Killed Duvessa
  6944 | D:7      | Reached skill level 4 in Armour
  6944 | D:7      | Reached skill level 5 in Dodging
  6951 | D:7      | Killed Dowan
  6951 | D:7      | Reached *** piety under Cheibriados
  6990 | D:7      | Reached XP level 9. HP: 61/68 MP: 8/8
  7434 | D:7      | Reached skill level 9 in Axes
  7527 | D:7      | Found a staircase to the Ecumenical Temple.
  8005 | D:8      | Reached **** piety under Cheibriados
  8198 | D:8      | Reached skill level 5 in Armour
  8348 | D:8      | Reached skill level 6 in Dodging
  8358 | D:8      | Found Ynuclegh's Food Shop.
  8540 | D:8      | Reached ***** piety under Cheibriados
  8550 | D:8      | Reached XP level 10. HP: 68/74 MP: 9/9
  8564 | D:8      | Reached skill level 10 in Axes
  8988 | D:8      | Found a glowing golden altar of the Shining One.
  8988 | D:8      | Found an ancient bone altar of Kikubaaqudgha.
  9097 | D:9      | Reached skill level 6 in Armour
  9416 | D:9      | Noticed a hill giant
  9421 | D:9      | Killed a hill giant
  9494 | D:9      | Reached skill level 7 in Dodging
  9545 | D:9      | Reached skill level 3 in Fighting
  9545 | D:9      | Reached skill level 11 in Axes
  9740 | D:9      | Noticed Grum
  9750 | D:9      | Killed Grum
  9808 | D:9      | Reached ****** piety under Cheibriados
  9972 | D:9      | Reached skill level 4 in Fighting
  9972 | D:9      | Reached XP level 11. HP: 83/83 MP: 10/10
 10127 | D:9      | Reached skill level 7 in Armour
 10173 | D:10     | Entered Level 10 of the Dungeon
 10267 | D:10     | Noticed Urug
 10279 | D:10     | Killed Urug
 10501 | D:10     | Reached skill level 1 in Invocations
 10578 | D:10     | Noticed a hill giant
 10588 | D:10     | Killed a hill giant
 10739 | D:10     | Reached skill level 5 in Fighting
 10741 | D:10     | Noticed a centaur warrior
 10742 | D:10     | Killed a centaur warrior
 10742 | D:10     | Reached skill level 12 in Axes
 10742 | D:10     | Reached skill level 2 in Invocations
 11424 | D:11     | Reached skill level 3 in Invocations
 11499 | D:11     | Noticed a hill giant
 11508 | D:11     | Killed a hill giant
 11508 | D:11     | Reached skill level 6 in Fighting
 11525 | D:10     | Reached skill level 4 in Invocations
 11546 | D:11     | Noticed a hill giant
 11554 | D:11     | Killed a hill giant
 11554 | D:11     | Reached XP level 12. HP: 71/97 MP: 14/14
 11590 | D:11     | Reached skill level 13 in Axes
 11735 | D:11     | Reached skill level 5 in Invocations
 11772 | D:11     | Found a staircase to the Lair.
 11810 | D:11     | Found a shadowy altar of Dithmenos.
 12095 | D:11     | Reached skill level 7 in Fighting
 12413 | Lair:1   | Entered Level 1 of the Lair of Beasts
 12421 | Lair:1   | Reached skill level 6 in Invocations
 12724 | Lair:1   | Noticed Gastronok
 12739 | Lair:1   | Killed Gastronok
 12739 | Lair:1   | Reached skill level 7 in Invocations
 13013 | Lair:1   | Noticed Harold
 13018 | Lair:1   | Killed Harold
 13018 | Lair:1   | Reached skill level 14 in Axes
 13018 | Lair:1   | Reached skill level 8 in Invocations
 13026 | Lair:1   | Reached XP level 13. HP: 102/105 MP: 18/18
 13492 | Lair:2   | Got a pair of brightly glowing boots
 13503 | Lair:2   | Identified the cursed +0 pair of boots of Imperfection {rElec} (You found it on level 2 of the Lair of Beasts)
 13674 | Lair:2   | Reached skill level 9 in Invocations
 14192 | Lair:3   | Found a hole to the Spider Nest.
 14378 | Lair:3   | Found a staircase to the Shoals.
 15023 | Lair:4   | Reached skill level 10 in Invocations
 15263 | Lair:4   | Reached skill level 8 in Fighting
 16001 | Lair:5   | Reached skill level 8 in Armour
 16122 | Lair:5   | Reached skill level 15 in Axes
 16190 | Lair:5   | Noticed Maud
 16198 | Lair:5   | Killed Maud
 16198 | Lair:5   | Reached skill level 8 in Dodging
 16198 | Lair:5   | Reached XP level 14. HP: 116/116 MP: 10/20
 16375 | Lair:5   | Reached skill level 9 in Fighting
 16906 | Lair:6   | Found a staircase to the Slime Pits.
 17553 | Lair:6   | Reached skill level 9 in Armour
 17926 | Lair:7   | Reached skill level 10 in Fighting
 18003 | Lair:7   | Reached skill level 9 in Dodging
 18125 | Lair:7   | Got a steaming battleaxe
 18126 | Lair:7   | Identified the +4 battleaxe of Wealth {antimagic, +Fly rElec rF- Str+5} (You found it on level 7 of the Lair of Beasts)
 19027 | Lair:8   | Entered Level 8 of the Lair of Beasts
 19069 | Lair:8   | Reached XP level 15. HP: 128/128 MP: 21/21
 19481 | Lair:8   | Reached skill level 10 in Armour
 19564 | Lair:8   | Reached skill level 11 in Fighting
 19567 | Lair:8   | Noticed Rupert
 19583 | Lair:8   | Killed Rupert
 19731 | Lair:8   | Found a runed door.
 19745 | Lair:8   | Reached skill level 16 in Axes
 19916 | Lair:8   | Reached skill level 10 in Dodging
 20561 | D:12     | Found a portal to a secret trove of treasure.
 20581 | D:12     | Found a staircase to the Orcish Mines.
 20657 | D:12     | Noticed Frances
 20773 | D:13     | Found a gate to the Vaults.
 20773 | D:13     | Noticed Norris
 20773 | D:13     | Noticed Donald
 21162 | D:12     | Killed Frances
 21531 | Orc:1    | Entered Level 1 of the Orcish Mines
 21543 | Orc:1    | Noticed Fannar
 21551 | Orc:1    | Killed Fannar
 21639 | Orc:2    | Found a roughly hewn altar of Beogh.
 22525 | Orc:1    | Reached skill level 12 in Fighting
 23015 | Orc:3    | Found a radiant altar of Vehumet.
 23017 | Orc:3    | Reached XP level 16. HP: 139/139 MP: 22/22
 23018 | Orc:3    | Found Isuesax's Magic Scroll Emporium.
 23065 | Orc:3    | Found a frozen archway.
 23093 | IceCv    | Entered an ice cave
 23176 | IceCv    | Reached skill level 11 in Armour
 23460 | IceCv    | Reached skill level 11 in Dodging
 23892 | Orc:3    | Found Joihonul's Book Boutique.
 24150 | Orc:3    | Found Peosur's Magic Scroll Emporium.
 24173 | Orc:3    | Bought a scroll of fog for 28 gold pieces
 24543 | Orc:4    | Entered Level 4 of the Orcish Mines
 24561 | Orc:4    | Found Evyjut's Assorted Antiques.
 24970 | Orc:4    | Found a staircase to the Elven Halls.
 25701 | Orc:4    | Found Acoyro's Antique Armour Emporium.
 25701 | Orc:4    | Found Qeuruxzome's Jewellery Emporium.
 25702 | Orc:4    | Found Eriusm's Magic Scroll Shoppe.
 25702 | Orc:4    | Found Geniofai's Book Emporium.
 25740 | Orc:4    | Bought a scroll of blinking for 90 gold pieces
 25740 | Orc:4    | Bought a scroll of recharging for 114 gold pieces
 25740 | Orc:4    | Bought a scroll of enchant armour for 90 gold pieces
 25740 | Orc:4    | Bought a scroll of enchant weapon for 90 gold pieces
 25741 | Orc:4    | Bought a scroll of identify for 24 gold pieces
 25741 | Orc:4    | Bought a scroll of identify for 24 gold pieces
 25741 | Orc:4    | Bought a scroll of identify for 24 gold pieces
 25851 | Orc:3    | Bought a scroll of enchant armour for 105 gold pieces
 25851 | Orc:3    | Bought a scroll of identify for 28 gold pieces
 25851 | Orc:3    | Bought a scroll of identify for 28 gold pieces
 25880 | Orc:3    | Bought a scroll of acquirement for 728 gold pieces
 25880 | Orc:3    | Bought 3 scrolls of fog for 84 gold pieces
 25880 | Orc:3    | Bought a scroll of fog for 28 gold pieces
 25880 | Orc:3    | Bought a scroll of enchant armour for 105 gold pieces
 25880 | Orc:3    | Bought a scroll of enchant weapon for 105 gold pieces
 25887 | Orc:3    | Bought a scroll of identify for 28 gold pieces
 25887 | Orc:3    | Bought a scroll of identify for 28 gold pieces
 25896 | Orc:3    | Got an encrusted crystal plate armour
 25907 | Orc:3    | Identified the +0 crystal plate armour of Keojioh {*Corrode rPois rC+ Dex+2} (You acquired it on level 3 of the Orcish Mines)
 26013 | Orc:4    | Bought a book of Battle for 680 gold pieces
 26017 | Orc:4    | Learned a level 3 spell: Regeneration
 26021 | Orc:4    | Learned a level 3 spell: Spectral Weapon
 26170 | D:12     | Killed Donald
 26206 | D:13     | Killed Norris
 26206 | D:13     | Reached skill level 13 in Fighting
 27416 | D:14     | Found Koaxky's Food Boutique.
 27543 | D:14     | Found Siotzion's Weapon Emporium.
 27572 | D:14     | Found Pepoulae's Book Boutique.
 27576 | D:14     | Reached XP level 17. HP: 149/149 MP: 23/23
 27789 | D:14     | Reached skill level 12 in Armour
 27837 | D:14     | Reached skill level 17 in Axes
 28119 | D:14     | Found Vecureqehu's Antique Armour Shoppe.
 28203 | D:14     | Found Gyjumu Ygha's Food Shop.
 28280 | D:15     | Entered Level 15 of the Dungeon
 28331 | D:15     | Reached skill level 12 in Dodging
 28373 | D:15     | Found a staircase to the Depths.
 28389 | D:15     | Noticed Agnes
 28395 | D:15     | Killed Agnes
 28826 | D:15     | Found Vugifie's Weapon Shop.
 28829 | D:15     | Noticed Josephine
 28837 | D:15     | Killed Josephine
 29262 | Spider:1 | Entered Level 1 of the Spider Nest
 29281 | Spider:1 | Got a smoking pewter ring
 29283 | Spider:1 | Identified the ring of Liberalism {+Inv rN+ MP+9 Dex+5} (You found it on level 1 of the Spider Nest)
 29288 | Spider:1 | Learned a level 1 spell: Apportation
 29293 | Spider:1 | Learned a level 4 spell: Passage of Golubria
 29300 | Spider:1 | Identified Kavvomi's Reference Book on Fiery Bewitchment (You found it on level 1 of the Spider Nest)
 29426 | Spider:1 | Reached skill level 1 in Evocations
 29547 | Spider:1 | Reached skill level 2 in Evocations
 30013 | Spider:2 | Reached skill level 3 in Evocations
 30602 | Spider:2 | Reached skill level 4 in Evocations
 31152 | Spider:3 | Reached skill level 6 in Evocations
 31152 | Spider:3 | Reached XP level 18. HP: 159/159 MP: 24/24
 31210 | Spider:3 | Reached skill level 7 in Evocations
 31210 | Spider:3 | Reached XP level 19. HP: 166/166 MP: 25/25
 31792 | Spider:3 | Reached skill level 18 in Axes
 31897 | Spider:4 | Entered Level 4 of the Spider Nest
 31941 | Spider:4 | Noticed Wiglaf
 31950 | Spider:4 | Killed Wiglaf
 32254 | Spider:4 | Reached skill level 8 in Evocations
 32711 | Spider:4 | Reached skill level 14 in Fighting
 33246 | Spider:4 | Noticed Arachne
 33277 | Spider:4 | Killed Arachne
 33328 | Spider:4 | Reached skill level 13 in Armour
 33677 | Spider:4 | Got a gossamer rune of Zot
 33747 | Spider:4 | Reached skill level 13 in Dodging
 34107 | Shoals:1 | Entered Level 1 of the Shoals
 34349 | Shoals:1 | Noticed nublet's ghost (journeyman CeGl)
 34362 | Shoals:1 | Killed nublet's ghost
 35240 | Shoals:2 | Reached XP level 20. HP: 177/177 MP: 26/26
 35900 | Shoals:3 | Reached skill level 15 in Fighting
 36093 | Shoals:4 | Entered Level 4 of the Shoals
 36170 | Shoals:4 | Noticed Aizul
 36191 | Shoals:4 | Killed Aizul
 36416 | Shoals:4 | Reached skill level 19 in Axes
 36460 | Shoals:4 | Got a barnacled rune of Zot
 36769 | Shoals:4 | Noticed Ilsuiw
 36770 | Shoals:4 | Noticed Jorgrun
 36975 | Shoals:4 | Killed Jorgrun
 36991 | Shoals:4 | Killed Ilsuiw
 37146 | Shoals:4 | Got a shimmering storm dragon armour
 37147 | Shoals:4 | Identified the +10 storm dragon armour of Hedge Wizardry {*Drain rElec rN++ Str+3} (You acquired it on level 4 of the Shoals)
 37471 | Shoals:4 | Reached skill level 20 in Axes
 37523 | Shoals:4 | Got a smoking helmet
 37524 | Shoals:4 | Identified the +0 helmet of Parlour Games {-Cast rElec rN++ SInv} (You found it on level 4 of the Shoals)
 37868 | Vaults:1 | Entered Level 1 of the Vaults
 38457 | Vaults:1 | Reached skill level 1 in Translocations
 38459 | Vaults:1 | Reached skill level 1 in Spellcasting
 38464 | Vaults:1 | Reached XP level 21. HP: 184/184 MP: 27/27
 38510 | Vaults:1 | Reached skill level 2 in Translocations
 38520 | Vaults:1 | Reached skill level 2 in Spellcasting
 38549 | Vaults:1 | Reached skill level 3 in Translocations
 38634 | Vaults:1 | Reached skill level 3 in Spellcasting
 39261 | Vaults:1 | Reached skill level 4 in Translocations
 39332 | Vaults:2 | Reached skill level 4 in Spellcasting
 39962 | Vaults:2 | Reached skill level 1 in Charms
 39962 | Vaults:2 | Reached skill level 5 in Translocations
 39968 | Vaults:2 | Reached skill level 1 in Necromancy
 39973 | Vaults:2 | Reached skill level 1 in Hexes
 40060 | Vaults:2 | Reached skill level 2 in Necromancy
 40132 | Vaults:1 | Reached skill level 6 in Translocations
 40432 | Vaults:3 | Reached skill level 7 in Translocations
 40547 | Vaults:3 | Found Dioke's Distillery.
 40550 | Vaults:3 | Bought a potion of might for 72 gold pieces
 40550 | Vaults:3 | Bought a potion of heal wounds for 90 gold pieces
 40739 | Vaults:3 | Reached skill level 8 in Translocations
 40792 | Vaults:3 | Found a staircase to the Crypt.
 40977 | Vaults:3 | Reached skill level 9 in Translocations
 41020 | Vaults:3 | Reached skill level 5 in Spellcasting
 41265 | Vaults:3 | Reached XP level 22. HP: 180/192 MP: 29/29
 41536 | Vaults:3 | Reached skill level 6 in Spellcasting
 41635 | Vaults:4 | Found Ziusm's Jewellery Shop.
 41668 | Vaults:4 | Reached skill level 10 in Translocations
 41715 | Vaults:4 | Found Wukky's Gadget Boutique.
 41733 | Vaults:4 | Found Buos's Book Emporium.
 41797 | Vaults:4 | Reached skill level 2 in Charms
 41815 | Vaults:4 | Reached skill level 2 in Hexes
 41822 | Vaults:4 | Noticed Mara
 41829 | Vaults:4 | Reached skill level 3 in Necromancy
 41841 | Vaults:4 | Noticed Duffy's illusion
 41897 | Vaults:4 | Reached skill level 3 in Charms
 42161 | Vaults:4 | Found Koigahe's Antique Weapon Shoppe.
 42217 | Vaults:4 | Noticed Duffy's illusion
 42237 | Vaults:4 | Killed Mara
 42237 | Vaults:4 | Reached skill level 3 in Hexes
 42237 | Vaults:4 | Reached skill level 4 in Necromancy
 42342 | Vaults:4 | Reached skill level 4 in Charms
 42346 | Vaults:4 | Reached skill level 4 in Hexes
 42346 | Vaults:4 | Reached skill level 5 in Necromancy
 42980 | Vaults:4 | Reached skill level 5 in Charms
 43002 | Vaults:4 | Found Ducid's Armour Boutique.
 43133 | Vaults:4 | Reached skill level 6 in Necromancy
 43532 | Elf:1    | Entered Level 1 of the Elven Halls
 43539 | Elf:1    | Reached skill level 5 in Hexes
 43729 | Elf:1    | Noticed Roxanne
 44135 | Elf:1    | Found Ulesh's Gadget Shoppe.
 44621 | Elf:2    | Reached skill level 6 in Charms
 44630 | Elf:2    | Found a runed gate.
 44632 | Elf:2    | Found a runed gate.
 44633 | Elf:2    | Found a runed gate.
 44865 | Elf:2    | Reached skill level 7 in Necromancy
 44965 | Elf:3    | Entered Level 3 of the Elven Halls
 45269 | Elf:3    | Reached skill level 6 in Hexes
 45285 | Elf:3    | Reached XP level 23. HP: 124/198 MP: 31/31
 45480 | Elf:3    | Reached skill level 7 in Charms
 45607 | Elf:3    | Reached skill level 7 in Hexes
 45887 | Elf:3    | Got a translucent bone ring
 45889 | Elf:3    | Identified the ring "Xubbamoj" {Str+7 Stlth+} (You took it off a deep elf high priest on level 3 of the Elven Halls)
 46313 | Elf:3    | Identified Ozocubu's Papyrus of Snow (You found it on level 3 of the Elven Halls)
 46322 | Elf:3    | Got a pitted golden ring
 46326 | Elf:3    | Identified the ring "Iwniq" {+Fly Str+4} (You took it off a deep elf mage on level 3 of the Elven Halls)
 46618 | Elf:3    | Reached skill level 8 in Charms
 46658 | Elf:3    | Reached skill level 8 in Necromancy
 46807 | Elf:3    | Reached skill level 8 in Hexes
 47439 | Depths:1 | Entered Level 1 of the Depths
 47781 | Depths:1 | Found a one-way gate to the infinite horrors of the Abyss.
 48067 | Depths:1 | Found a gateway to a ziggurat.
 48169 | Depths:1 | Found a gateway to Hell.
 48328 | Depths:2 | Found a shattered altar of Ashenzari.
 48391 | Depths:2 | Noticed Sojobo
 48409 | Depths:2 | Killed Sojobo
 48454 | Depths:2 | Noticed Saint Roka
 48480 | Depths:2 | Killed Saint Roka
 48732 | Depths:2 | Reached XP level 24. HP: 153/210 MP: 31/31
 48761 | Depths:2 | Reached skill level 16 in Fighting
 48816 | Depths:2 | Reached skill level 14 in Armour
 48893 | Depths:2 | Found Hogad's Gadget Shoppe.
 49215 | Depths:2 | Reached skill level 14 in Dodging
 49703 | Depths:3 | Found a one-way gate leading to the halls of Pandemonium.
 49775 | Depths:3 | Mangled by an octopode crusher

Vault maps used:
D:1:      dpeg_arrival_round_c
D:2:      ecumenical_altar_1
D:3:      lemuel_doored_altar, gup_sewer_entry_bubbles, kennysheep_crisscross,
          minmay_joined_circles
D:5:      first_bread
D:6:      enter_ossuary_3, corexii_hall_statues_deadend, minmay_bad_closet,
          sigmund_army, uniq_eustachio
D:7:      minmay_temple_entry_mist, uniq_duvessa
D:8:      gammafunk_temple_overflow_pools, serial_shops, shop
D:9:      hangedman_little_slice_of_home, uniq_grum
D:10:     uniq_urug
D:11:     erik_lair_island, basic_altar, roderic_bali_sauvastika
D:12:     minmay_ornate_pinched, orc_0_dummy, nicolae_trove_entry_crossroad,
          dk_noncrumbling_4, uniq_frances
D:13:     david_vaults_3, hex_tiny
D:14:     serial_shops, shop_statue, kennysheep_mini, shop,
          nicolae_shop_window_shopping, kennysheep_little_box,
          minmay_misc_feat_cross, lemuel_flamethrower_1
D:15:     grunt_enter_depths_giant_problem, serial_bayou_pond_a, serial_shops,
          nicolae_shop_window_shopping, dispersion_dpeg, uniq_josephine,
          uniq_agnes
Lair:1:   minivault_24, st_stairs_6, hangedman_lair_generics_rect, uniq_harold,
          uniq_gastronok
Lair:3:   elwin_shoals_entry_rocks, spider_nest_entry_webs
Lair:4:   grunt_megastairs_2
Lair:5:   boulder_quad_collide, beast_lair_carwin_9, serial_bayou_shore_a,
          uniq_maud
Lair:6:   beast_lair_carwin_large_3, slime_dummy
Lair:7:   special_room
Lair:8:   wormcave, uniq_rupert
Shoals:3: nicolae_shoals_stone_sculpture_thing, nicolae_shoals_cliffside_cave
Shoals:4: shoals_end_hangedman, shoals_ilsuiw_ice,
          nicolae_shoals_siren_and_animal_friends, uniq_jorgrun, uniq_aizul
Spider:3: nicolae_spider_mines_1
Spider:4: johnstein_spider_rune_arachne_lair, uniq_wiglaf, uniq_arachne
Orc:1:    minmay_goldmine, uniq_fannar
Orc:2:    basic_altar, hangedman_minor_magic
Orc:3:    basic_altar, serial_shops, shop, nicolae_shop_window_shopping, shop,
          portal_ice_cave_entry_imps, nicolae_orc_pool_cavern
Orc:4:    st_orc_pillars, serial_shops,
          nicolae_shop_temple_entry_statues_fountains
Elf:1:    eino_elf_arrival_shootout, serial_shops, nicolae_shop_waterfront,
          hangedman_corner_corridor, uniq_roxanne
Elf:3:    minmay_elf_hall_hex
Vaults:1: vaults_standard_mumra_x, nicolae_vaults_diagonal_hallway_9,
          vaults_standard_mumra_enter_the_diamond, v_alt_pattern_6,
          vaults_standard_mumra_enter_the_diamond, nicolae_vaults_big_ls,
          nicolae_vaults_asterisk, v_misc_15, nicolae_vaults_yaktaur_gun_rack
Vaults:2: ontoclasm_vaults_gateway, ontoclasm_vaults_ring_large, v_misc_2,
          ontoclasm_vaults_water_temple, v_rooms_2, v_misc_19,
          hangedman_vaults_slice, v_misc_27, vaults_dpeg_encased_lava,
          ontoclasm_vaults_twist
Vaults:3: minmay_crypt_entry_simple_walls, vaults_dpeg_spiral,
          hangedman_vaults_stretched_pinwheel, nicolae_vaults_c_with_doors,
          nicolae_vaults_angled_halls, vaults_room_octagon,
          ontoclasm_vaults_ring_square, grunt_vaults_focal, v_misc_27,
          ontoclasm_vaults_idyll, vaults_mumra_hex, serial_shops,
          nicolae_shop_behind_doors
Vaults:4: ontoclasm_vaults_tryst, serial_ice_g, st_eye, v_alt_pattern_3,
          vaults_standard_mumra_enter_the_diamond, vaults_room_semicircle,
          vaults_room_mumra_shop_pool, ontoclasm_vaults_spin,
          nicolae_vaults_little_squares_3, serial_shops,
          nicolae_shop_behind_doors, shop, shop, shop, uniq_mara
Depths:1: enter_ziggurat_e, grunt_hell_entry_dis_grunt, fountainhead,
          abyss_entry_small_statue_room, minmay_holes, grunt_decor_cap,
          nrook_mini_backslash, grunt_decor_mini_mirrors, st_stairs_6,
          kennysheep_generic_room_12, firewood_loft, serial_bayou_shore_b
Depths:2: evilmike_marble_ring, hellmouth_1, nicolae_ashenzari_panopticon,
          abyss_entry_glasseish, serial_shops, shop_fountains,
          evilmike_butchery, uniq_saint_roka, uniq_sojobo
Depths:3: evilmike_diamond_1, hell_entry, pan_entry,
          serial_sigils_hangedman_snap, uniq_jory
Sewer:    sewer_sea
Ossuary:  ossuary_tomb_3
IceCv:    ice_cave_small_giant

Vanquished Creatures
  Mara Sojobo Norris Saint Roka Arachne Jorgrun Rupert
  A tentacled monstrosity
  3 deep elf blademasters
  A sphinx
  3 krakens Gastronok Agnes
  An ancient champion
  3 tengu reavers Frances
  A shadow dragon
  2 storm dragons
  A storm dragon (shapeshifter)
  Ilsuiw Wiglaf
  4 fire giants
  The ghost of nublet the Impaler, a journeyman CeGl of Ru Donald
  12 vault wardens Maud
  3 orc warlords
  A frost giant Aizul
  6 deep elf sorcerers
  5 ghost moths
  6 emperor scorpions
  10 ironheart preservers
  14 stone giants
  11 very ugly things
  3 deep elf demonologists
  A salamander stormcaller
  12 deep elf annihilators
  5 vault guards
  9 deep elf death magi
  9 merfolk javelineers
  4 fire dragons
  An eidolon
  2 jiangshi
  4 great orbs of eyes
  9 ettins
  8 merfolk impalers
  10 deep elf high priests Josephine
  9 yaktaur captains
  12 hydras Fannar Harold
  5 ice dragons
  9 entropy weavers
  A spriggan air mage
  4 alligator snapping turtles
  19 ogre magi
  An alligator
  2 dancing weapons
  7 centaur warriors
  A death knight
  2 merfolk aquamancers
  2 satyrs
  3 tengu warriors
  A queen ant (shapeshifter)
  A deep troll earth mage
  8 death yaks Urug
  5 orc high priests
  2 spriggan berserkers
  A soul eater
  2 vampire magi
  A titan zombie
  A hell knight
  10 deep elf knights
  A shadow wraith
  3 wizards
  A salamander mystic
  5 skeletal warriors
  13 sea snakes
  2 golden dragon zombies
  10 ironbrand convokers
  4 unseen horrors
  15 deep trolls
  13 deep elf summoners
  2 lindwurms
  10 hill giants
  4 flayed ghosts
  A lindwurm (shapeshifter)
  A phantasmal warrior
  15 orc knights
  A wolf spider zombie
  23 harpies
  3 necromancers
  39 wolf spiders
  13 deep elf conjurers
  A shining eye (shapeshifter)
  2 stone giant zombies
  A salamander (shapeshifter)
  8 water nymphs
  5 fauns
  A frost giant zombie
  16 orb spiders
  7 cyclopes
  10 hornets
  3 salamanders
  42 ugly things
  16 griffons
  A moth of wrath
  3 guardian serpents (shapeshifter)
  4 orc sorcerers
  19 elephants
  7 manticores
  4 black mambas
  13 vault sentinels
  A fire giant skeleton
  A rust devil
  An ice statue
  8 torpor snails
  4 kobold demonologists
  6 komodo dragons
  5 gargoyles
  49 yaktaurs
  10 demonic crawlers
  3 hellwings
  A troll (shapeshifter)
  14 spiny frogs
  8 deep elf priests
  An entropy weaver zombie
  5 freezing wraiths
  47 two-headed ogres
  28 merfolk
  2 giant leeches
  3 fire drakes
  4 tengu conjurers
  30 jumping spiders
  9 trolls
  A raiju (shapeshifter)
  30 slime creatures
  19 polar bears
  A tengu simulacrum
  4 wind drakes
  A sphinx simulacrum
  7 boulder beetles
  A trapdoor spider (shapeshifter)
  15 snapping turtles
  21 blink frogs
  A trapdoor spider zombie
  9 wraiths
  16 humans
  5 shadows
  A wyvern (shapeshifter)
  31 deep elf magi
  4 hungry ghosts
  3 wyverns
  47 redbacks
  3 air elementals
  18 tarantellas
  24 trapdoor spiders
  9 basilisks
  6 water elementals
  33 deep elf fighters Eustachio
  3 fire bats
  2 mottled dragons Grum
  76 yaks
  24 hippogriffs
  15 vampire mosquitoes
  3 soldier ants (shapeshifter)
  26 wolves
  8 wargs
  22 water moccasins
  65 ogres
  10 porcupines Duvessa
  An ice beast
  58 orc warriors
  14 spiders
  A swamp drake
  A sky beast
  2 black bears
  2 phantoms
  A necrophage
  An eye of draining
  18 boggarts
  18 centaurs
  7 wasps
  A fire crab zombie
  A centaur (shapeshifter)
  14 crocodiles
  2 human zombies
  3 brain worms
  8 big kobolds
  A gnoll sergeant
  A wyvern zombie
  21 giant frogs Dowan
  A water moccasin zombie
  A tengu zombie
  4 scorpions
  34 killer bees
  9 wights
  6 electric eels
  4 crimson imps
  3 centaur zombies
  4 giant frog zombies
  17 hounds
  3 centaur skeletons
  7 giant frog skeletons
  36 orc priests
  6 jellies
  46 orc wizards
  A wasp zombie
  An iron imp
  6 worker ants
  11 iguanas
  9 sirens
  6 merfolk avatars
  30 sheep
  A hound zombie
  8 mummies
  A worker ant zombie
  A hound skeleton
  41 river rats
  8 adders
  16 gnolls
  6 shadow imps
  13 white imps
  An ufetubus
  6 oozes
  20 worms
  8 giant geckos
  250 orcs
  6 ball pythons
  9 giant cockroaches
  3 gnoll zombies
  6 goblins
  9 hobgoblins
  10 jackals
  25 kobolds
  3 quokkas
  7 bats
  A giant gecko skeleton
  8 giant newts
  5 hobgoblin zombies
  A jackal zombie
  A kobold zombie
  35 rats
  2 crawling corpses
  27 fungi
  24 plants
  A spectral weapon
  19 tentacles
  630 tentacle segments
3077 creatures vanquished.
